APL (24 & UNDER)
NANTUCKET ORCAS @ PENSACOLA PILOTS
06/30/2027
 
TOP OF THE 1ST
Nantucket Orcas batting - Pitching for Pensacola Pilots : LHP Mario Galván
Pitching: LHP Mario Galván
Batting: RHB Jorge Hernández 0-0: Called Strike
0-1: Ball
1-1: Foul Ball, location: 2F
1-2: Ball
2-2: Fly out, F9 (Flyball, 89M)
Batting: SHB Cory Campbell 0-0: Foul Ball, location: 2F
0-1: Ball
1-1: Ball
2-1: Ball
3-1: Ground out U3 (Groundball, 3)
Batting: RHB Mike Willis 0-0: Ground out 4-3 (Groundball, 4)
Top of the 1st over - 0 run(s), 0 hit(s), 0 error(s), 0 left on base; Nantucket 0 - Pensacola 0
BOTTOM OF THE 1ST
Pensacola Pilots batting - Pitching for Nantucket Orcas : LHP Ray Morgan
Pitching: LHP Ray Morgan
Batting: LHB Armando Domínguez 0-0: Ball
1-0: Ball
2-0: Called Strike
2-1: Foul Ball, location: 2F
2-2: Strikes out looking
Batting: LHB Ricardo García 0-0: Called Strike
0-1: Ground out 4-3 (Groundball, 4M)
Batting: RHB Jesús Sánchez 0-0: Swinging Strike
0-1: Ball
1-1: Swinging Strike
1-2: Ball
2-2: Strikes out swinging
Bottom of the 1st over - 0 run(s), 0 hit(s), 0 error(s), 0 left on base; Nantucket 0 - Pensacola 0
TOP OF THE 2ND
Nantucket Orcas batting - Pitching for Pensacola Pilots : LHP Mario Galván
Batting: LHB Noah Gillespie 0-0: Ball
1-0: Foul Ball, location: 2F
1-1: Ball
2-1: Foul Ball, location: 2F
2-2: Foul Ball, location: 2F
2-2: Strikes out looking
Batting: RHB Pepe Franco 0-0: Ball
1-0: Swinging Strike
1-1: Foul Ball, location: 2F
1-2: Foul Ball, location: 2F
1-2: Ball
2-2: Ground out 6-3 (Groundball, 6)
Batting: RHB César Osequedo 0-0: Ground out 4-3 (Groundball, 4)
Top of the 2nd over - 0 run(s), 0 hit(s), 0 error(s), 0 left on base; Nantucket 0 - Pensacola 0
BOTTOM OF THE 2ND
Pensacola Pilots batting - Pitching for Nantucket Orcas : LHP Ray Morgan
Batting: RHB Julian Lee 0-0: Ball
1-0: Ball
2-0: Called Strike
2-1: Ball
3-1: Foul Ball, location: 2F
3-2: Strikes out swinging
Batting: RHB Jonny Lord 0-0: Ball
1-0: Ball
2-0: Ball
3-0: Base on Balls
Batting: RHB Roberto Gómez 0-0: Ball
1-0: Ball
2-0: Ball
3-0: Base on Balls
Jonny Lord to second
Batting: SHB Fernando Gutiérrez 0-0: Ball
1-0: Swinging Strike
1-1: Fly out, F9 (Flyball, 9S)
Batting: RHB Aaron Grizzle 0-0: DOUBLE (Line Drive, 7LM)
Jonny Lord scores
Roberto Gómez to third
Runner from 3rd tries for Home, SAFE, no throw
Batting: RHB Jesús García 0-0: Ball
1-0: Ball
2-0: Swinging Strike
2-1: Swinging Strike
2-2: Strikes out swinging
Bottom of the 2nd over - 2 run(s), 1 hit(s), 0 error(s), 1 left on base; Nantucket 0 - Pensacola 2
TOP OF THE 3RD
Nantucket Orcas batting - Pitching for Pensacola Pilots : LHP Mario Galván
Batting: RHB Roberto Canó 0-0: Ball
1-0: Swinging Strike
1-1: Foul Ball, location: 2F
1-2: Strikes out swinging
Batting: SHB Dan Dunn 0-0: Ball
1-0: Ball
2-0: Ball
3-0: Called Strike
3-1: Ground out 6-3 (Groundball, 56)
Batting: RHB Domingo Hernández 0-0: Called Strike
0-1: Foul Ball, location: 2F
0-2: Foul Ball, location: 2F
0-2: Ground out 5-3 (Groundball, 5)
Top of the 3rd over - 0 run(s), 0 hit(s), 0 error(s), 0 left on base; Nantucket 0 - Pensacola 2
BOTTOM OF THE 3RD
Pensacola Pilots batting - Pitching for Nantucket Orcas : LHP Ray Morgan
Batting: LHB Armando Domínguez 0-0: Hit by Pitch
Batting: LHB Ricardo García 0-0: Ball
1-0: Fly out, F4 (Popup, 4M)
Batting: RHB Jesús Sánchez 0-0: Ball
1-0: Called Strike
1-1: Swinging Strike
1-2: Fly out, F7 (Flyball, 7)
Batting: RHB Julian Lee 0-0: Ball
1-0: Ball
2-0: Ball
3-0: Fielders Choice at 2nd, 6-4 (Groundball, 6)
Bottom of the 3rd over - 0 run(s), 0 hit(s), 0 error(s), 0 left on base; Nantucket 0 - Pensacola 2
TOP OF THE 4TH
Nantucket Orcas batting - Pitching for Pensacola Pilots : LHP Mario Galván
Batting: RHB Jorge Hernández 0-0: Called Strike
0-1: DOUBLE (Line Drive, 78D)
Batting: SHB Cory Campbell 0-0: Foul Ball, location: 2F
0-1: Foul Ball, location: 2F
0-2: Foul Ball, location: 2F
0-2: Foul Ball, location: 2F
0-2: Ball
1-2: Ball
2-2: Ball
3-2: Fly out, F7 (Line Drive, 7D)
Runner from 2nd tags up, SAFE at 3rd, no throw
Batting: RHB Mike Willis 0-0: Foul Ball, location: 2F
0-1: Foul Ball, location: 2F
0-2: Ball
1-2: Strikes out swinging
Batting: LHB Noah Gillespie 0-0: Called Strike
0-1: Foul Ball, location: 2F
0-2: Strikes out swinging
Top of the 4th over - 0 run(s), 1 hit(s), 0 error(s), 1 left on base; Nantucket 0 - Pensacola 2
BOTTOM OF THE 4TH
Pensacola Pilots batting - Pitching for Nantucket Orcas : LHP Ray Morgan
Batting: RHB Jonny Lord 0-0: Ball
1-0: Ball
2-0: Called Strike
2-1: Ground out 6-3 (Groundball, 6)
Batting: RHB Roberto Gómez 0-0: Foul Ball, location: 2F
0-1: Ball
1-1: Foul Ball, location: 2F
1-2: Foul Ball, location: 2F
1-2: Ball
2-2: Reached on error, E5 (Groundball, 2L)
Batting: SHB Fernando Gutiérrez 0-0: Ball
1-0: Called Strike
1-1: Fly out, F8 (Line Drive, 8RS)
Batting: RHB Aaron Grizzle 0-0: Foul Ball, location: 2F
0-1: Fly out, F6 (Popup, 6)
Bottom of the 4th over - 0 run(s), 0 hit(s), 1 error(s), 1 left on base; Nantucket 0 - Pensacola 2
TOP OF THE 5TH
Nantucket Orcas batting - Pitching for Pensacola Pilots : LHP Mario Galván
Batting: RHB Pepe Franco 0-0: Ball
1-0: Ball
2-0: Ball
3-0: Ground out 6-3 (Groundball, 6M)
Batting: RHB César Osequedo 0-0: Foul Ball, location: 2F
0-1: Ball
1-1: Ball
2-1: Ball
3-1: Base on Balls
Batting: RHB Roberto Canó 0-0: Grounds into double play, 5-4-3 (Groundball, 56)
Top of the 5th over - 0 run(s), 0 hit(s), 0 error(s), 0 left on base; Nantucket 0 - Pensacola 2
BOTTOM OF THE 5TH
Pensacola Pilots batting - Pitching for Nantucket Orcas : LHP Ray Morgan
Batting: RHB Jesús García 0-0: Called Strike
0-1: Fly out, F6 (Popup, 5D)
Batting: LHB Armando Domínguez 0-0: Called Strike
0-1: Foul Ball, location: 2F
0-2: Foul Ball, location: 2F
0-2: Ball
1-2: SINGLE (Line Drive, 4M)
Batting: LHB Ricardo García 0-0: Ball
1-0: Ball
2-0: Ball
3-0: Called Strike
3-1: Foul Ball, location: 2F
3-2: Strikes out looking
Batting: RHB Jesús Sánchez 0-0: Ball
1-0: Called Strike
1-1: Ball
2-1: Called Strike
2-2: Ball
3-2: Ground out 4-3 (Groundball, 4)
Bottom of the 5th over - 0 run(s), 1 hit(s), 0 error(s), 1 left on base; Nantucket 0 - Pensacola 2
TOP OF THE 6TH
Nantucket Orcas batting - Pitching for Pensacola Pilots : LHP Mario Galván
Batting: SHB Dan Dunn 0-0: Called Strike
0-1: Foul Ball, location: 2F
0-2: Foul Ball, location: 2F
0-2: Ball
1-2: Foul Ball, location: 2F
1-2: Ground out 5-3 (Groundball, 56)
Batting: RHB Domingo Hernández 0-0: Ball
1-0: Ball
2-0: Swinging Strike
2-1: Ball
3-1: Base on Balls
Batting: RHB Jorge Hernández 0-0: Called Strike
0-1: SINGLE (Flyball, 9LS)
Domingo Hernández to second
Runner from 2nd tries for 3rd, SAFE, throw made to third
Batting: SHB Cory Campbell 0-0: Called Strike
0-1: Foul Ball, location: 2F
0-2: Ball
1-2: Ball
2-2: Foul Ball, location: 2F
2-2: SINGLE (Groundball, 4D)
Domingo Hernández scores
Jorge Hernández to second
Runner from 2nd tries for 3rd, SAFE, throw made to third
Cory Campbell to second
Batting: RHB Mike Willis 0-0: Foul Ball, location: 2F
0-1: Ball
1-1: Fly out, F9 (Flyball, 9S)
Batting: LHB Noah Gillespie 0-0: Ball
1-0: Ball
2-0: Called Strike
2-1: Ball
3-1: Base on Balls
Batting: RHB Pepe Franco 0-0: Swinging Strike
0-1: Called Strike
0-2: Ball
1-2: Ball
2-2: Foul Ball, location: 2F
2-2: Strikes out swinging
Top of the 6th over - 1 run(s), 2 hit(s), 0 error(s), 3 left on base; Nantucket 1 - Pensacola 2
BOTTOM OF THE 6TH
Pensacola Pilots batting - Pitching for Nantucket Orcas : LHP Ray Morgan
Batting: RHB Julian Lee 0-0: Foul Ball, location: 2F
0-1: Ball
1-1: Fly out, F7 (Flyball, 78M)
Batting: RHB Jonny Lord 0-0: Ball
1-0: Called Strike
1-1: Foul Ball, location: 2F
1-2: Fly out, F4 (Popup, 4MS)
Batting: RHB Roberto Gómez 0-0: Called Strike
0-1: Ball
1-1: Fly out, F5 (Popup, 5L)
Bottom of the 6th over - 0 run(s), 0 hit(s), 0 error(s), 0 left on base; Nantucket 1 - Pensacola 2
TOP OF THE 7TH
Nantucket Orcas batting - Pitching for Pensacola Pilots : LHP Mario Galván
Batting: RHB César Osequedo 0-0: Ball
1-0: Ball
2-0: Ball
3-0: Ground out 5-3 (Groundball, 56)
Batting: RHB Roberto Canó 0-0: Called Strike
0-1: Ball
1-1: Swinging Strike
1-2: Strikes out swinging
Batting: SHB Dan Dunn 0-0: Ball
1-0: Foul Ball, location: 2F
1-1: Ball
2-1: Ball
3-1: Swinging Strike
3-2: Strikes out swinging
Top of the 7th over - 0 run(s), 0 hit(s), 0 error(s), 0 left on base; Nantucket 1 - Pensacola 2
BOTTOM OF THE 7TH
Pensacola Pilots batting - Pitching for Nantucket Orcas : LHP Ray Morgan
Pitching: RHP Kade Coleman
Batting: SHB Fernando Gutiérrez 0-0: Ball
1-0: Ball
2-0: Called Strike
2-1: Ball
3-1: Base on Balls
Pinch Hitting: LHB Weston Chaney 0-0: Bunted foul
0-1: Bunt missed!
0-2: Ball
1-2: Ball
2-2: Ball
3-2: Base on Balls
Fernando Gutiérrez to second
Batting: RHB Jesús García 0-0: Foul Ball, location: 2F
0-1: Sac Bunt - play at first, batter OUT! 2-4
Fernando Gutiérrez to third
Weston Chaney to second
Pinch Hitting: LHB Pedro Ramos 0-0: Fly out, F9 (Flyball, 9LM)
Runner from 3rd tags up, SCORES, throw made
Batting: LHB Ricardo García 0-0: Fly out, F8 (Flyball, 8LS)
Bottom of the 7th over - 1 run(s), 0 hit(s), 0 error(s), 1 left on base; Nantucket 1 - Pensacola 3
TOP OF THE 8TH
Nantucket Orcas batting - Pitching for Pensacola Pilots : LHP Mario Galván
Pitching: RHP Jesús Núńez
Now at 3B: Markus Cummins
Now at SS: Leopoldo Horgan
Batting: RHB Domingo Hernández 0-0: Foul Ball, location: 2F
0-1: Swinging Strike
0-2: Strikes out looking
Batting: RHB Jorge Hernández 0-0: Ball
1-0: Ball
2-0: Ball
3-0: Called Strike
3-1: Foul Ball, location: 2F
3-2: Strikes out looking
Batting: SHB Cory Campbell 0-0: Called Strike
0-1: Swinging Strike
0-2: Foul Ball, location: 2F
0-2: Ball
1-2: Ball
2-2: Ball
3-2: Foul Ball, location: 2F
3-2: Base on Balls
Pitching: RHP Manuel Valdés
Batting: RHB Mike Willis 0-0: Ball
1-0: Ball
2-0: Called Strike
2-1: Fly out, F9 (Flyball, 9LSF)
Top of the 8th over - 0 run(s), 0 hit(s), 0 error(s), 1 left on base; Nantucket 1 - Pensacola 3
BOTTOM OF THE 8TH
Pensacola Pilots batting - Pitching for Nantucket Orcas : RHP Kade Coleman
Batting: RHB Jesús Sánchez 0-0: Called Strike
0-1: Ball
1-1: Fly out, F7 (Flyball, 7LM)
Batting: RHB Julian Lee 0-0: Ground out 5-3 (Groundball, 56)
Batting: RHB Jonny Lord 0-0: Called Strike
0-1: Ball
1-1: Foul Ball, location: 2F
1-2: SOLO HOME RUN (Flyball, 7D), Distance : 410 ft
Pitching: RHP Sean Flynn
Batting: RHB Roberto Gómez 0-0: Called Strike
0-1: Swinging Strike
0-2: Ball
1-2: Strikes out looking
Bottom of the 8th over - 1 run(s), 1 hit(s), 0 error(s), 0 left on base; Nantucket 1 - Pensacola 4
TOP OF THE 9TH
Nantucket Orcas batting - Pitching for Pensacola Pilots : RHP Manuel Valdés
Batting: LHB Noah Gillespie 0-0: Ball
1-0: Ball
2-0: Called Strike
2-1: Called Strike
2-2: Ball
3-2: Strikes out looking
Batting: RHB Pepe Franco 0-0: Called Strike
0-1: Ball
1-1: Fly out, F7 (Flyball, 7)
Batting: RHB César Osequedo 0-0: Ball
1-0: Ground out 5-3 (Groundball, 5)
Top of the 9th over - 0 run(s), 0 hit(s), 0 error(s), 0 left on base; Nantucket 1 - Pensacola 4
Thursday, March 30th, 2017 - OOTP Baseball 17.12 Build 75